 Dungeon Crawl Stone Soup version 0.17.2 (webtiles) character file.

1836 Goblin1989 the Cleaver (level 9, -4/68 HPs)
             Began as a Hill Orc Gladiator on July 14, 2016.
             Was a Believer of Qazlal.
             Slain by a troll (5 damage)
             ... on level 7 of the Dungeon.
             The game lasted 00:09:31 (6072 turns).

Goblin1989 the Cleaver (Hill Orc Gladiator)         Turns: 6072, Time: 00:09:31

Health: -4/68      AC:  9    Str: 27    XL:     9   Next: 11%
Magic:  14/14      EV: 11    Int:  8    God:    Qazlal [**....]
Gold:   272        SH:  2    Dex: 11    Spells: 0 memorised, 8 levels left

rFire  . . .     SeeInvis .     a - +0 war axe
rCold  + . .     Clarity  .     I - +0 scale mail
rNeg   . . .     SustAt   .     (no shield)
rPois  .         Gourm    .     c - +0 helmet
rElec  .         Spirit   .     u - +0 cloak
rCorr  .         Warding  .     p - +0 pair of gloves
rMut   .         Stasis   .     (no boots)
MR     .....                    F - amulet of regeneration (curse)
Stlth  ..........               E - +6 ring of strength
                                A - ring of protection from cold

@: not resistant to hostile enchantments, extremely unstealthy
A: no striking features
a: Upheaval, Renounce Religion


You were on level 7 of the Dungeon.
You worshipped Qazlal.
Qazlal was pleased with you.
You were not hungry.

You visited 1 branch of the dungeon, and saw 7 of its levels.

You collected 356 gold pieces.
You spent 84 gold pieces at shops.

Inventory:

Hand Weapons
 a - a +0 war axe (weapon)
 b - a +3 hand axe of holy wrath
Missiles
 d - 2 throwing nets (quivered)
 q - 5 javelins
Armour
 c - a +0 helmet (worn)
 p - a +0 pair of gloves (worn)
 u - a +0 cloak (worn)
 I - a +0 scale mail (worn)
Jewellery
 A - a ring of protection from cold (left hand)
 E - a +6 ring of strength (right hand)
 F - a cursed amulet of regeneration (around neck)
Scrolls
 g - a scroll of noise {unknown}
 h - 3 scrolls of blinking {unknown}
 j - a scroll of immolation {unknown}
 l - 9 scrolls of identify {unknown}
 n - 6 scrolls of recharging {unknown}
 o - 3 scrolls of remove curse {unknown}
 t - 2 scrolls of teleportation {unknown}
 x - a scroll of enchant weapon {unknown}
 y - 2 scrolls of fog {unknown}
 B - a scroll of fear {unknown}
 G - a scroll of enchant armour {unknown}
Potions
 f - 5 potions of heal wounds {unknown}
 i - 4 potions of flight {unknown}
 k - a potion of ambrosia {unknown}
 m - a potion of invisibility {unknown}
 r - 2 potions of resistance
 s - a potion of curing {unknown}
 v - 2 potions of berserk rage {unknown}
 w - 2 potions of brilliance {unknown}
 z - a potion of magic {unknown}
 D - a potion of lignification {unknown}
Comestibles
 e - 4 bread rations
 C - 5 fruits
 H - 6 chunks of flesh


   Skills:
 - Level 2.8 Fighting
 * Level 13.1 Axes
 - Level 2.1 Throwing
 - Level 2.5 Dodging
 + Level 6.7 Invocations


You had 8 spell levels left.
You didn't know any spells.

Dungeon Overview and Level Annotations

Branches:
Dungeon (7/15)             Temple (0/1) D:5

Altars:
Dithmenos
Gozag
Qazlal
Ru
The Shining One

Shops:
D:5 (

Annotations:
D:4 Blork the orc


Message History

The troll barely misses you.
Aim: a troll (lightly wounded)
You throw a throwing net. The throwing net hits the troll.
The troll is caught in the net!
The troll struggles against the net.
You barely miss the troll.
The troll struggles against the net.
You hit the troll but do no damage.
The troll struggles against the net.
You slash the troll! You hit the troll.
The troll struggles against the net.
You slash the troll!
The troll struggles against the net.
The net rips apart, and the troll comes free!
You hit the troll but do no damage. The troll bites you.
The troll closely misses you. The troll claws you.
You hit the troll but do no damage. You block the troll's attack.
The troll barely misses you. x2
You closely miss the troll. The troll bites you!
* * * LOW HITPOINT WARNING * * *
The troll claws you!
* * * LOW HITPOINT WARNING * * *
The troll claws you.
You die...

#.#.##....##.....
#...##.#####..###
###...##.# ##.<###
#.....÷†.# #.[....
#........# #...###
#........# #§.....
###...##.# #..####
###...##.####..####
#.@...##...........
#T##########...####
#.# #.#..... #.#
#.###### #.#
#.###### #.#
####....... #.#
#.........# #.#
#.##..###.# #.# #
#..# #.#


You could see a troll.

Vanquished Creatures
  A necrophage (D:7)
  4 ogres
  4 phantoms
  A centaur (D:6)
  2 giant frogs
  A scorpion (D:5)
  A centaur zombie (D:5)
  2 crimson imps
  A giant frog skeleton (D:4)
  An orc priest (D:6)
  A hound (D:5)
  An iguana (D:5)
  A jelly (D:7)
  2 centaur skeletons
  An iron imp (D:6)
  4 orc wizards
  A gnoll shaman (D:6)
  4 worker ants
  2 hound zombies
  7 adders
  4 gnolls (D:6)
  An ooze (D:1)
  An adder zombie (D:7)
  2 worms
  6 giant geckos
  19 orcs
  A ball python (D:2)
  4 giant cockroaches
  10 goblins
  10 hobgoblins
  5 quokkas
  6 bats
  A giant cockroach zombie (D:5)
  9 giant newts
  2 hobgoblin zombies (D:6)
  17 jackals
  8 kobolds
  2 kobold skeletons (D:6)
  A kobold zombie (D:6)
  An orc skeleton (D:6)
  An orc zombie (D:6)
  A quokka zombie (D:6)
  7 rats
161 creatures vanquished.

Notes
Turn   | Place    | Note
--------------------------------------------------------------
     0 | D:1      | Goblin1989 the Hill Orc Gladiator began the quest for the Orb.
     0 | D:1      | Reached XP level 1. HP: 18/18 MP: 1/1
    51 | D:1      | Reached XP level 2. HP: 25/25 MP: 2/2
   592 | D:1      | Reached XP level 3. HP: 28/30 MP: 3/3
   724 | D:2      | Reached skill level 5 in Axes
   961 | D:2      | Found a shadowy altar of Dithmenos.
  1168 | D:2      | Reached XP level 4. HP: 25/37 MP: 4/4
  1180 | D:2      | Reached skill level 6 in Axes
  1616 | D:3      | Found a shadowy altar of Dithmenos.
  1733 | D:3      | Reached XP level 5. HP: 2/44 MP: 5/5
  1736 | D:3      | Reached skill level 7 in Axes
  1739 | D:3      | HP: 1/44 [orc/short sword (2)]
  2631 | D:4      | Reached skill level 8 in Axes
  2691 | D:4      | Noticed a phantom
  2725 | D:4      | Killed a phantom
  2725 | D:4      | Reached XP level 6. HP: 27/50 MP: 6/6
  2946 | D:4      | Noticed a phantom
  2954 | D:4      | Reached skill level 9 in Axes
  2967 | D:4      | Killed a phantom
  3160 | D:4      | Found a stormy altar of Qazlal.
  3171 | D:4      | Became a worshipper of Qazlal Stormbringer
  3203 | D:4      | Reached XP level 7. HP: 56/56 MP: 7/7
  3339 | D:4      | Reached skill level 1 in Invocations
  3416 | D:4      | Noticed Blork the orc
  3469 | D:5      | Entered Level 5 of the Dungeon
  3547 | D:5      | Reached skill level 10 in Axes
  4089 | D:5      | Found a sacrificial altar of Ru.
  4198 | D:5      | Reached skill level 11 in Axes
  4198 | D:5      | Reached XP level 8. HP: 60/62 MP: 10/10
  4401 | D:5      | Found a staircase to the Ecumenical Temple.
  4469 | D:5      | Found Nang's Antique Weapon Boutique.
  4477 | D:5      | Bought a glowing hand axe for 84 gold pieces
  4723 | D:5      | Reached * piety under Qazlal
  4817 | D:6      | Found a glowing golden altar of the Shining One.
  4877 | D:6      | Found an opulent altar of Gozag.
  4998 | D:6      | Reached skill level 5 in Invocations
  5292 | D:6      | Reached skill level 12 in Axes
  5721 | D:6      | Reached ** piety under Qazlal
  5884 | D:7      | Reached XP level 9. HP: 49/68 MP: 13/13
  5908 | D:7      | Reached skill level 13 in Axes
  6042 | D:7      | Noticed a troll
  6072 | D:7      | HP: 1/68 [troll (8)]
  6072 | D:7      | Slain by a troll

Action                   |  1- 3 |  4- 6 |  7- 9 || total
-------------------------+-------+-------+-------++-------
Melee: War axe           |   106 |   173 |   308 ||   587
Throw: Javelin           |       |     5 |       ||     5
       Throwing net      |       |       |     2 ||     2
  Eat: Chunk             |     1 |     4 |     6 ||    11
       Pizza             |       |     1 |       ||     1
       Bread ration      |       |       |     1 ||     1
